 Dungeon Crawl Stone Soup version 0.23.2-33-g5129a83184 (webtiles) character file.

Game seed: 10639617668169066379

109 funkygono the Conjurer (level 4, -8/33 HPs)
             Began as a Draconian Conjurer on July 20, 2019.
             Mangled by Terence
             ... wielding a +0 morningstar
              (12 damage)
             ... on level 3 of the Dungeon.
             The game lasted 00:05:31 (2041 turns).

funkygono the Conjurer (Draconian Conjurer)         Turns: 2041, Time: 00:05:32

Health: -8/33      AC:  9    Str: 12 (15) XL:     4   Next: 59%
Magic:  0/7        EV: 12    Int: 16 (17) God:
Gold:   121        SH:  0    Dex:  9 (11) Spells: 2/8 levels left

rFire    . . .     SeeInvis .   n - +2 quarterstaff (chaos)
rCold    . . .     Gourm    .   (shield currently unavailable)
rNeg     . . .     Faith    .   (armour unavailable)
rPois    +         Spirit   .   (helmet restricted)
rElec    .         Reflect  .   o - +1 cloak {rPois}
rCorr    .         Harm     .   (no gloves)
MR       .....                  k - +1 pair of boots
Stlth    ++........             (no amulet)
HPRegen  0.11/turn              e - ring of flight
MPRegen  0.10/turn              (no ring)

@: mighty, flying, hasted, very quick
A: unfitting armour, cold-blooded, AC +5
a: no special abilities


You were on level 3 of the Dungeon.
You were not hungry.

You visited 1 branch of the dungeon, and saw 3 of its levels.

You collected 121 gold pieces.

Inventory:

Hand Weapons
 n - a +2 quarterstaff of chaos (weapon)
Missiles
 d - 84 stones (quivered)
Armour
 k - a +1 pair of boots (worn)
 o - a +1 cloak of poison resistance (worn)
Jewellery
 c - a +5 ring of evasion {unknown}
 e - a ring of flight (left hand)
Wands
 m - a wand of acid (12)
Scrolls
 h - 2 scrolls of fear
 l - a scroll of teleportation
Potions
 g - a potion of flight
Comestibles
 a - 5 chunks of flesh
 b - 6 rations


   Skills:
   Level 0.4 Maces & Flails
 + Level 0.1(0.2) Staves
 + Level 2.3 Dodging
 + Level 2.2 Stealth
 + Level 2.6 Spellcasting
 + Level 5.1 Conjurations


You had 2 spell levels left.
You knew the following spells:

 Your Spells              Type           Power        Failure   Level  Hunger
a - Magic Dart            Conj           ###.         2%          1    #......
b - Searing Ray           Conj           ###...       3%          2    ##.....
c - Dazzling Spray        Conj/Hex       ##....       21%         3    ###....

Your spell library contained the following spells:

 Spells                   Type           Power        Failure   Level  Hunger
 Iskenderun's Mystic Bla  Conj           ###.....     24%         4    #####..
 Force Lance              Conj/Tloc      ##......     56%         4    #####..
 Fulminant Prism          Conj/Hex       ##........   56%         4    #####..


Dungeon Overview and Level Annotations

Branches:
Dungeon (3/15)

Altars:
Zin

Annotations:
D:3 Terence


Innate Abilities, Weirdness & Mutations

Your plain brown scales are hard. (AC +5)
You cannot fit into any form of body armour.
You are cold-blooded and may be slowed by cold attacks.


Message History

Press: ? - help, Shift-Dir - straight line, f/p - Terence
Aim: Terence, wielding a +0 morningstar and wearing a +0 chain mail (almost dead, fast)
The magic dart hits Terence but does no damage.
Terence is almost dead.
The jackal barks!
Terence hits you but does no damage. Terence closely misses you.
It was a potion of flight.
You feel very buoyant.
You fly up into the air.
Terence hits you but does no damage.
It was a potion of degeneration.
There was something very wrong with that liquid.
You feel weakened.
You feel dopey.
You feel clumsy. Terence barely misses you.
A rat comes into view.
It was a potion of might.
You feel very mighty all of a sudden. Terence hits you but does no damage.
It was a potion of haste.
You feel yourself speed up. Terence hits you with a +0 morningstar!
You die...

##.#..##.#
##....>##.# #.
......##.#
##...##.....)#.#
...@...........#
....####r#...#.#
# #h##.##<#
#@##.##รท#
#@##....#
#.##.####
#.##.######
#..####.........#
#...>........##.#
.................
.........#.#.##..
...####.##.#.# .#
.. #....... .


You could see Terence, a jackal and a rat.

Vanquished Creatures
  Crazy Yiuf (D:2)
  2 oozes
  2 dart slugs
  4 leopard geckos (D:2)
  6 bats
  3 giant cockroaches
  13 hobgoblins
  4 jackals
  A quokka (D:2)
  A ball python (D:1)
  4 frilled lizards
  7 goblins
  6 kobolds
  5 rats
59 creatures vanquished.

Notes
Turn   | Place    | Note
-------+----------+-------------------------------------------
     0 | D:1      | funkygono the Draconian Conjurer began the quest for the
                  | Orb.
     0 | D:1      | Reached XP level 1. HP: 14/14 MP: 3/3
    96 | D:1      | Reached XP level 2. HP: 20/20 MP: 0/5
   100 | D:1      | Learned a level 2 spell: Searing Ray
   742 | D:1      | Reached XP level 3. HP: 26/26 MP: 2/6
   780 | D:1      | Learned a level 3 spell: Dazzling Spray
  1394 | D:2      | Found a runed translucent door.
  1395 | D:2      | Noticed Crazy Yiuf
  1403 | D:2      | Killed Crazy Yiuf
  1403 | D:2      | Reached skill level 5 in Conjurations
  1403 | D:2      | Reached XP level 4. HP: 16/33 MP: 1/7
  1837 | D:2      | Found a glowing silver altar of Zin.
  2017 | D:3      | Noticed Terence
  2041 | D:3      | Mangled by Terence

Skill      XL: |  1  2  3 |
---------------+----------+-----
Dodging        | 2 |  2.3
Stealth        | 2 |  2.2
Conjurations   | 5 |  5.1
Maces & Flails | |  0.4
Staves         | |  0.1
Spellcasting   | |  2.6

Action                   |  1- 3 |  4- 6 || total
-------------------------+-------+-------++-------
Melee: Club              |    42 |       ||    42
       Unarmed           |     2 |       ||     2
       Tailslap          |     4 |     1 ||     5
       Quarterstaff      |       |    36 ||    36
 Cast: Magic Dart        |    61 |    16 ||    77
       Searing Ray       |     2 |     2 ||     4
  Use: Scroll            |     2 |     2 ||     4
       Potion            |       |     4 ||     4
 Stab: Sleeping          |       |     1 ||     1
  Eat: Chunk             |     3 |     2 ||     5
Armor: Skin              |    16 |    11 ||    27
Dodge: Dodged            |    38 |    40 ||    78
